Unix NetHack Version 5.0.0-0 post-release - last build May 17 2026 04:57:42 (dc50c8380fa5e20985bfe3072449f57b8d9895ef,branch:main).

Game began 2026-05-20 19:12:28, ended 2026-05-20 20:20:03.

Drastanta, lawful female human Samurai

                                                  --------
                                          ..........<.....
                                         .........---...--
                                        ....%.....|.....|
                                       -...!............|
                                       |......|.|.--....|
                              ------------)--------|....|
                             ...)).%@W%).*.|       ----.|
                             ---------------           --

Drastanta the Ronin    St:17 Dx:15 Co:18 In:11 Wi:6 Ch:7  Lawful
Dlvl:10 $:150 HP:0(48) Pw:10(10) AC:1  Xp:4 T:3083  Burdened

Latest messages:
 You are hit by the 2nd dart.
 It is hit.
 You hit the gnome lord.
 You hit the gnome lord.
 The aklys misses the gnome lord.
 An aklys misses you.
 The aklys returns to its hand!
 The aklys hits the gnome lord!
 The gnome lord hits!
 A dagger misses you.
 You kill the gnome lord!
 The gnome lord hits!
 You hit the gnome lord.
 You hit the gnome lord!
 The gnome lord hits!
 You hit the gnome lord!
 You kill the gnome lord!
 The gnome falls into a pit!
 The gnome picks up a yellowish brown gem.
 You kill the gnome!
 A dagger misses you.
 You see here a corroded dagger.
 You see here 3 darts.
 You miss the gnome.
 You hit the gnome.
 The gnome hits!
 You kill the gnome!
 The wraith touches you!
 Sayonara level 7.
 You miss the wraith.
 The wraith touches you!
 You hit the wraith!
 The wraith touches you!
 You miss the wraith.
 The wraith touches you!
 You avoid harm.
 The wraith touches you!
 Sayonara level 6.
 You hit the wraith!
 The wraith touches you!
 Are you sure you want to pray? [yn] (n) y
 You begin praying to Amaterasu Omikami.
 The wraith touches you!
 Sayonara level 5.
 You die...
 Do you want your possessions identified? [ynq] (y) n
 Do you want to see your attributes? [ynq] (y) n
 Do you want an account of creatures vanquished? [ynaq] (y) n
 Do you want to see your conduct and achievements? [ynq] (y) n
 Do you want to see the dungeon overview? [ynq] (y) n

Inventory:
 Coins    ('$')
  $ - 150 gold pieces
 Weapons  (')')
  d - 26 +0 ya (in quiver)
  c - a +0 yumi (alternate weapon; not wielded)
  a - a +0 katana (weapon in right hand)
  b - a +0 wakizashi
 Armor    ('[')
  k - an uncursed +0 orcish helm (being worn)
  M - an uncursed +0 pair of iron shoes (being worn)
  U - an uncursed +0 cloak of displacement
  N - an uncursed +0 dwarvish cloak (being worn)
  e - an uncursed rustproof +0 splint mail (being worn)
 Comestibles  ('%')
  w - 2 uncursed cram rations
  x - an uncursed fortune cookie
  l - 3 uncursed gunyoki
  r - an uncursed pancake
  y - an uncursed tripe ration
 Scrolls  ('?')
  p - an uncursed scroll of confuse monster
  L - a blessed scroll of destroy armor
  g - 2 uncursed scrolls of enchant armor
  s - a blessed scroll of light
  h - an uncursed scroll of punishment
 Potions  ('!')
  j - an uncursed potion of extra healing
  i - 2 uncursed potions of invisibility
  t - an uncursed potion of levitation
 Rings    ('=')
  W - an uncursed ring of aggravate monster
  m - an uncursed ring of protection from shape changers
  H - an uncursed ring of see invisible
  u - an uncursed ring of slow digestion
 Wands    ('/')
  S - a wand of cancellation (0:5)
  n - a wand of fire (0:6)
 Tools    ('(')
  X - a bag of tricks (0:19)
  V - an uncursed brass lantern (lit)
  B - an uncursed credit card
  Q - a cursed magic lamp
  R - an uncursed skeleton key
  z - an uncursed wax candle

Drastanta the Samurai's attributes:

Background:
 You were a Ronin, a level 4 female human Samurai.
 You were lawful, on a mission for Amaterasu Omikami
 who was opposed by Raijin (neutral) and Susanowo (chaotic).
 You were right-handed.
 You were in the Gnomish Mines, on level 10.
 You entered the dungeon 3083 turns ago.
 You had 159 experience points, 1 more was needed to attain level 5.

Basics:
 You had 0 out of 48 hit points.
 You had all 10 energy points (spell power).
 Your armor class was 1.
 Your wallet contained 150 zorkmids.
 Autopickup was off.

Final Characteristics:
 Your strength was 17 (limit:18/100).
 Your dexterity was 15 (limit:18).
 Your constitution was 18 (limit:18).
 Your intelligence was 11 (limit:18).
 Your wisdom was 6 (limit:18).
 Your charisma was 7 (limit:18).

Final Status:
 You weren't hungry.
 You were burdened; movement was slightly slowed.
 You were wielding a long sword.
 You had basic skill with long sword and could have enhanced that.

Final Attributes:
 You were piously aligned.
 Your items were somewhat protected from fire.
 Your items were somewhat protected from cold.
 You were telepathic.
 You were warded.
 Your spell casting was impaired by metallic armor.
 You were fast.
 You are dead.

Miscellaneous:
 You encountered 1 bones level.
 Total elapsed playing time was 1 hour, 6 minutes and 49 seconds.

Major events:
 Turn
    1: Drastanta the lawful female human Samurai entered the dungeon
  792: attained the rank of Ronin (level 3)
  903: entered the Gnomish Mines
 1770: attained the rank of Kunoichi (level 6)
 1894: reached Mine Town
 3083: killed by a wraith, while praying

Spells:
 Name                 Level Category     Fail Retention
 remove curse           3   clerical     100%  76%-100%

Skills:
 Fighting Skills
   martial arts      [Basic]
   two weapon combat [Unskilled]
   riding            [Unskilled]
 Weapon Skills
   dagger            [Unskilled]
   knife             [Unskilled]
   short sword       [Basic]
   broadsword        [Unskilled]
   long sword        [Basic]
   two-handed sword  [Unskilled]
   saber             [Unskilled]
   flail             [Unskilled]
   quarterstaff      [Unskilled]
   polearms          [Unskilled]
   spear             [Unskilled]
   lance             [Unskilled]
   bow               [Basic]
   shuriken          [Unskilled]
 Spellcasting Skills
   attack spells     [Unskilled]
   divination spells [Unskilled]
   clerical spells   [Unskilled]

Voluntary challenges:
 Character rerolling was not enabled.
 You never genocided any monsters.
 You never polymorphed an object.
 You never changed form.
 You used no wishes.
Achievements:
 You attained the rank of Ronin.
 You entered the Gnomish Mines.
 You attained the rank of Kunoichi.
 You entered Minetown.
 You entered a shop.
 You entered a temple.

 The Dungeons of Doom: levels 1 to 4
    Level 1:
       A fountain.
    Level 2:
    Level 3:
       Stairs down to The Gnomish Mines.
    Level 4:
 The Gnomish Mines: levels 4 to 10
    Level 4:
       Final resting place for
          Japes-Val-Hum-Fem-Law, killed by a dwarf.
    Level 5:
    Level 6:
    Level 7:
       Many shops, a temple and an altar, some fountains.
    Level 8:
    Level 9:
    Level 10: <- You were here.
       Final resting place for
          you, killed by a wraith, while praying.


Vanquished creatures:
  a ghost
 an orc-captain
  a giant spider
  a scorpion
  a black light
  a plains centaur
  a Woodland-elf
 11 gnome leaders
  3 gnomish wizards
  a gray ooze
  a little dog
  2 floating eyes
  3 dwarves
  a homunculus
  2 rothes
  a giant bat
 an acid blob
  2 hobbits
  4 manes
  2 cave spiders
 45 gnomes
  a gnome zombie
  4 geckos
  2 jackals
  2 foxes
  a kobold
  3 goblins
  7 grid bugs
  3 lichens
  4 newts
113 creatures vanquished.

No species were genocided or became extinct.

Game over:
                       ----------
                      /          \
                     /    REST    \
                    /      IN      \
                   /     PEACE      \
                  /                  \
                  |    Drastanta     |
                  |      150 Au      |
                  |   killed by a    |
                  |      wraith      |
                  |                  |
                  |                  |
                  |       2026       |
                 *|     *  *  *      | *
        _________)/\\_//(\/(/\)/\//\/|_)_______

Sayonara Drastanta the Samurai...

You died in The Gnomish Mines on dungeon level 10 with 4457 points,
and 150 pieces of gold, after 3083 moves.
You were level 4 with a maximum of 48 hit points when you died.

